 Dungeon Crawl Stone Soup version 0.29-a0-233-g1125b37a9b (webtiles) character file.

Game seed: 13688115728184351005

38711 tognito the Severer (level 13, -3/118 HPs)
             Began as a Minotaur Berserker on Mar 1, 2022.
             Was an Elder of Trog.
             Killed by divine providence
             ... invoked by a meliai
              (13 damage)
             ... on level 14 of the Dungeon.
             The game lasted 00:34:01 (16023 turns).

tognito the Severer (Minotaur Berserker)           Turns: 16023, Time: 00:34:02

Health: -3/118     AC: 20    Str: 35    XL:     13   Next: 65%
Magic:  12/12      EV: 15    Int:  4    God:    Trog [****..]
Gold:   741        SH:  0    Dex: 17    Spells: 12/12 levels left

rFire   + + .      SeeInvis .   a - +0 battleaxe
rCold   + . .      Faith    .   (shield currently unavailable)
rNeg    . . .      Spirit   .   d - +0 plate armour
rPois   .          Reflect  .   (helmet restricted)
rElec   .          Harm     +   A - scarf {rC+ rF+}
rCorr   .          Rampage  .   k - +0 pair of gloves
Will    .....                   C - +0 pair of boots
Stlth   ..........              T - amulet of the Muttering Gods {Harm Fly rF+ Regen+ Str+3}
HPRegen 1.09/turn               f - +6 ring of strength
MPRegen 0.13/turn               r - +6 ring of dexterity

@: flying
A: horns 2, retaliatory headbutt, iridescent scales 1, sturdy frame 1
a: Renounce Religion, Berserk, Trog's Hand, Brothers in Arms


You were on level 14 of the Dungeon.
You worshipped Trog.
Trog was greatly pleased with you.
You visited 1 branch of the dungeon, and saw 14 of its levels.
You also visited: Sewer.

You collected 741 gold pieces.

Inventory:

Hand Weapons
 a - a +0 battleaxe (weapon)
 b - a +4 war axe
Missiles
 F - 2 atropa-tipped darts
 H - 14 poisoned darts (quivered)
 N - 2 boomerangs
 Q - 6 silver javelins
Armour
 d - a +0 plate armour (worn)
 k - a +0 pair of gloves (worn)
 A - a scarf of resistance (worn)
 C - a +0 pair of boots (worn)
Jewellery
 f - a +6 ring of strength (left hand)
 j - a ring of fire
 p - a ring of protection from fire
 q - a ring of fire
 r - a +6 ring of dexterity (right hand)
 B - a +6 ring of dexterity
 E - a ring of positive energy
 L - a ring of ice
 O - a +6 ring of dexterity
 P - a ring of protection from cold
 R - a ring of magical power
 T - the amulet of the Muttering Gods (around neck) {Harm Fly rF+ Regen+ Str+3}
   (You found it on level 12 of the Dungeon)

   [amulet of regeneration]

   Str:       It affects your strength (+3).
   rF:        It protects you from fire.
   Fly:       It grants you flight.
   Regen:     It increases your rate of health regeneration.
   Harm:      It increases damage dealt and taken.
Wands
 y - a wand of paralysis (6)
 G - a wand of flame (31)
 J - a wand of acid (24)
Scrolls
 c - 6 scrolls of teleportation
 e - a scroll of magic mapping {unknown}
 g - 2 scrolls of immolation {unknown}
 i - 4 scrolls of identify
 l - 4 scrolls of enchant weapon
 m - 6 scrolls of blinking
 n - 2 scrolls of amnesia {unknown}
 s - a scroll of brand weapon {unknown}
 v - a scroll of fear {unknown}
 x - 3 scrolls of fog
 D - 2 scrolls of silence {unknown}
 I - a scroll of summoning {unknown}
Potions
 h - 2 potions of invisibility
 o - a potion of haste
 t - a potion of heal wounds
 u - 2 potions of might
 w - a potion of resistance
 z - 4 potions of flight
 K - a potion of cancellation
 M - 6 potions of curing
 U - a potion of berserk rage
Miscellaneous
 S - a box of beasts


   Skills:
 + Level 12.2 Fighting
 * Level 16.7 Axes
 + Level 9.8 Throwing
 + Level 12.0 Armour
 + Level 11.0 Dodging


You had 12 spell levels left.
You didn't know any spells.
Your spell library was empty.

Dungeon Overview and Level Annotations

Branches:
Dungeon (14/15)            Temple (0/1) D:7            Lair (0/6) D:11
    Orc (0/2) D:12          Sewer (visited)
 Vaults: D:13-14

Altars:
Ru
Uskayaw

Shops:
D:3 !


Innate Abilities, Weirdness & Mutations

You have a pair of horns on your head.
You reflexively headbutt those who attack you in melee.
You are partially covered in iridescent scales. (AC +2)
Your movements are slightly less encumbered by armour. (ER -2)


Message History

* * * LOW HITPOINT WARNING * * *
The meliai stings you.
* * * LOW HITPOINT WARNING * * *
You are lethally poisoned!
The meliai poisons you! The meliai barely misses you. The meliai stings you.
* * * LOW HITPOINT WARNING * * *
You feel much better.
You feel extremely sick.
The meliai mumbles some strange prayers to its god against you.
Something smites you!
* * * LOW HITPOINT WARNING * * *
The meliai hits you but does no damage. The meliai barely misses you. x2
The meliai stings you.
* * * LOW HITPOINT WARNING * * *
The meliai hits you but does no damage.
The meliai stings you but does no damage.
You feel better. The meliai completely misses you. You furiously retaliate!
You headbutt the meliai!
The meliai stings you but does no damage.
The meliai misses you. The meliai closely misses you.
The meliai barely misses you. The meliai completely misses you.
The meliai hits you but does no damage. The meliai stings you.
* * * LOW HITPOINT WARNING * * *
The meliai hits you with a +0 hand axe.
* * * LOW HITPOINT WARNING * * *
The meliai stings you!
* * * LOW HITPOINT WARNING * * *
The meliai hits you with a +0 war axe.
* * * LOW HITPOINT WARNING * * *
The meliai stings you but does no damage.
The meliai hits you but does no damage. The meliai stings you!
* * * LOW HITPOINT WARNING * * *
The meliai misses you. You furiously retaliate!
You headbutt the meliai!
You kill the meliai!
Trog accepts your kill.
There is a stone staircase leading up, spattered with blood here.
The meliai closely misses you. The meliai misses you.
The meliai mumbles some strange prayers to its god against you.
Something smites you!
You die...

####### .
#.....+ ..
#@y...# ...
#.)...# .... .
#.)...# .....
...####'##......
.......).)......
.......)))......
...............#
...............#
...####'##.....#


You could see a meliai.

Vanquished Creatures
  Snorg (D:10)
  Josephine (D:10)
  Fannar (D:10)
  5 hydras
  5 boulder beetles
  3 centaur warriors
  A catoblepas (D:10)
  8 two-headed ogres
  Nergalle (D:10)
  Amaemon (D:9)
  Lodul (D:14)
  2 wizards (D:11)
  2 deep elf zephyrmancers (D:11)
  2 cyclopes
  An ugly thing (D:13)
  3 manticores
  A gargoyle (D:12)
  4 unseen horrors
  A yaktaur (D:12)
  Psyche (D:10)
  A komodo dragon (shapeshifter) (D:13)
  A komodo dragon (D:11)
  2 trolls
  2 meliai (D:14)
  Prince Ribbit (D:7)
  6 slime creatures
  Sigmund (D:3)
  A centaur simulacrum (D:12)
  A vampire (D:12)
  5 wraiths (D:10)
  11 yaks
  A shadow (D:12)
  A wyvern (D:11)
  2 steam dragons
  A golden eye (shapeshifter) (D:12)
  13 vampire mosquitoes
  Edmund (D:6)
  3 acid dragons
  2 water moccasins (D:7)
  Duvessa (D:6)
  7 orc warriors
  A black bear (D:5)
  2 sky beasts
  4 boggarts (D:12)
  22 centaurs
  7 ogres
  3 kobold brigands
  A necrophage (D:4)
  5 bullfrogs
  5 scorpions
  Dowan (D:6)
  15 killer bees
  3 howler monkeys
  2 jellies
  3 orc priests
  2 hounds (D:5)
  3 gnoll shamans
  Terence (D:3)
  6 iguanas
  7 orc wizards
  24 gnolls
  12 adders
  4 river rats (Sewer)
  2 shadow imps
  4 white imps
  2 ufetubi
  A worm (D:3)
  28 orcs
  6 bats
  10 endoplasms
  4 giant cockroaches
  6 goblins
  9 hobgoblins
  11 jackals
  9 quokkas
  9 ball pythons
  A frilled lizard (Sewer)
  23 kobolds
  22 rats
389 creatures vanquished.

Vanquished Creatures (collateral kills)
  An orange demon (D:9)
  Maggie (D:6)
  A komodo dragon (D:11)
  A centaur (D:11)
  A scorpion (D:6)
  A hound (D:7)
  2 gnolls (D:6)
  A shadow imp (D:7)
  2 kobolds (D:7)
11 creatures vanquished.

Vanquished Creatures (others)
  3 fungi (D:10)
  6 plants
9 creatures vanquished.

Grand Total: 409 creatures vanquished

Notes
Turn   | Place    | Note
-------+----------+-------------------------------------------
     0 | D:1      | tognito the Minotaur Berserker began the quest for the Orb.
     0 | D:1      | Reached XP level 1. HP: 19/19 MP: 0/0
   196 | D:1      | Reached XP level 2. HP: 27/27 MP: 1/1
   401 | D:1      | Reached skill level 4 in Axes
   402 | D:1      | Gained mutation: Your movements are slightly less
                  | encumbered by armour. (ER -2) [potion of mutation]
   402 | D:1      | Gained mutation: You are partially covered in iridescent
                  | scales. (AC +2) [potion of mutation]
   440 | D:1      | Found a faded altar of an unknown god.
   846 | D:2      | Reached XP level 3. HP: 33/33 MP: 2/2
   869 | D:2      | Reached ** piety under Trog
   904 | D:2      | Reached skill level 1 in Throwing
   972 | D:2      | Reached XP level 4. HP: 19/40 MP: 3/3
  1495 | D:2      | Reached skill level 5 in Axes
  2102 | D:3      | Reached XP level 5. HP: 29/46 MP: 4/4
  2317 | D:3      | Noticed Sigmund
  2330 | D:3      | Killed Sigmund
  2331 | D:3      | Reached XP level 6. HP: 53/53 MP: 5/5
  2435 | D:3      | Found Ytreajod's Distillery.
  2454 | D:3      | Noticed Terence
  2466 | D:3      | Killed Terence
  2467 | D:3      | Reached skill level 6 in Axes
  2547 | D:3      | Found a glowing drain.
  2561 | Sewer    | Entered a sewer
  2579 | Sewer    | Reached *** piety under Trog
  2901 | Sewer    | Reached skill level 5 in Fighting
  2941 | Sewer    | Reached XP level 7. HP: 61/61 MP: 6/6
  3276 | D:4      | Reached skill level 7 in Axes
  3519 | D:4      | Reached **** piety under Trog
  3819 | D:4      | Reached skill level 5 in Armour
  3819 | D:4      | Reached XP level 8. HP: 35/70 MP: 7/7
  4228 | D:4      | Reached skill level 8 in Axes
  4387 | D:5      | Entered Level 5 of the Dungeon
  4610 | D:5      | Reached skill level 5 in Dodging
  5119 | D:5      | Found the +12 glaive of Prune {vorpal}
  5325 | D:5      | Reached skill level 9 in Axes
  5480 | D:5      | Reached XP level 9. HP: 72/78 MP: 8/8
  5856 | D:6      | Noticed Maggie
  5862 | D:6      | Killed Maggie
  6012 | D:6      | Reached skill level 5 in Throwing
  6053 | D:6      | Noticed Edmund
  6061 | D:6      | Reached skill level 10 in Axes
  6064 | D:6      | Killed Edmund
  6075 | D:6      | Noticed Duvessa
  6088 | D:6      | Killed Duvessa
  6102 | D:6      | Noticed Dowan
  6104 | D:6      | Killed Dowan
  6471 | D:7      | Noticed Prince Ribbit
  6477 | D:7      | Killed Prince Ribbit
  6561 | D:7      | Found a staircase to the Ecumenical Temple.
  6604 | D:7      | Reached XP level 10. HP: 88/88 MP: 9/9
  6714 | D:7      | Reached ***** piety under Trog
  7305 | D:8      | Reached skill level 11 in Axes
  8407 | D:9      | Noticed Amaemon
  8407 | D:9      | Noticed an orange demon
  8558 | D:9      | Killed an orange demon
  8562 | D:9      | Killed Amaemon
  8563 | D:9      | Reached skill level 12 in Axes
  8937 | D:9      | Noticed a boulder beetle
  8950 | D:9      | Killed a boulder beetle
  8951 | D:9      | Reached XP level 11. HP: 97/97 MP: 10/10
  9211 | D:10     | Entered Level 10 of the Dungeon
  9211 | D:10     | Noticed Snorg
  9211 | D:10     | Noticed a centaur warrior
  9265 | D:10     | Noticed Josephine
  9265 | D:10     | Noticed Psyche
  9265 | D:10     | Noticed Nergalle
  9434 | D:10     | Killed Psyche
  9445 | D:10     | Received a gift from Trog
  9448 | D:10     | Killed Josephine
  9452 | D:10     | Reached skill level 13 in Axes
  9461 | D:10     | Found a sacrificial altar of Ru.
  9583 | D:10     | Noticed Fannar
  9597 | D:10     | Killed Fannar
  9713 | D:10     | Killed Snorg
  9721 | D:10     | Noticed a catoblepas
  9736 | D:10     | HP: 4/99 [catoblepas (8)]
 10204 | D:10     | Killed a centaur warrior
 10206 | D:10     | Killed Nergalle
 10948 | D:10     | Killed a catoblepas
 10949 | D:10     | Reached skill level 10 in Fighting
 11203 | D:11     | Found a staircase to the Lair.
 11459 | D:11     | Noticed a six-headed hydra
 11462 | D:11     | Killed an eight-headed hydra
 11463 | D:11     | Reached skill level 14 in Axes
 11463 | D:11     | Found a flickering gateway to a bazaar.
 11505 | D:11     | Reached skill level 10 in Armour
 11679 | D:11     | Noticed a two-headed ogre
 11685 | D:11     | Killed a two-headed ogre
 11686 | D:11     | Reached XP level 12. HP: 87/107 MP: 11/11
 12476 | D:11     | Noticed a boulder beetle
 12484 | D:11     | Killed a boulder beetle
 13082 | D:12     | Noticed a six-headed hydra
 13095 | D:12     | Killed an 11-headed hydra
 13203 | D:12     | Noticed a boulder beetle
 13465 | D:12     | Noticed a seven-headed hydra
 13472 | D:12     | Killed a 12-headed hydra
 13473 | D:12     | Reached skill level 15 in Axes
 13577 | D:12     | Noticed a seven-headed hydra
 13578 | D:12     | Noticed a centaur warrior
 13583 | D:12     | Reached skill level 10 in Dodging
 13583 | D:12     | Killed a 12-headed hydra
 13587 | D:12     | Killed a centaur warrior
 13597 | D:12     | Noticed a boulder beetle
 13832 | D:12     | Killed a boulder beetle
 14057 | D:12     | Identified the amulet of the Muttering Gods {Harm Fly rF+
                  | Regen+ Str+3}
 14114 | D:12     | Noticed a boulder beetle
 14127 | D:12     | Killed a boulder beetle
 14208 | D:12     | Reached XP level 13. HP: 112/116 MP: 12/12
 14318 | D:12     | Found a staircase to the Orcish Mines.
 14841 | D:12     | Reached skill level 16 in Axes
 15665 | D:13     | Found a hide-covered altar of Uskayaw.
 15900 | D:14     | Noticed Lodul
 15907 | D:14     | Killed Lodul
 16023 | D:14     | Killed from afar by a meliai

Illustrated notes

Levels and vault maps discovered:
D:1:      beargit_arrival_greenhouse, layout_basic,
          shapermc_ecumenical_altar_rom_forum, hangedman_decor_peaks_small
D:2:      layout_basic, minmay_distorted
D:3:      layout_loops_ring, gup_sewer_entry_pipe, serial_shops,
          nicolae_shop_hallway_stairs, uniq_terence, uniq_sigmund
D:4:      cheibrodos_barr_body, layout_basic, moated_statue, st_stairs_6
D:5:      layout_rooms, grunt_tough_drop
D:6:      layout_rooms, minmay_holes, uniq_maggie, uniq_duvessa, uniq_edmund
D:7:      layout_rooms, minmay_temple_entry_junction, uniq_prince_ribbit1
D:8:      layout_cave_pods
D:9:      layout_roguey, minivault_11, uniq_amaemon
D:10:     layout_layer_cave, nicolae_ru_the_path_less_chosen, uniq_josephine,
          uniq_snorg, uniq_psyche, uniq_fannar, uniq_nergalle
D:11:     layout_long_grid, lair_entry_dummy, serial_shops, freezing_bzr,
          amcnicky_mini_pool_small, bh_hangedman_babel_library
D:12:     minmay_concentric_multi, layout_basic, orc_0_dummy,
          kennysheep_generic_room_11
D:13:     layout_loops_ring, nicolae_uskayaw_en_pointe
D:14:     kennysheep_kobold_grotto, layout_irregular_city, erik_vaults_1,
          minmay_misc_feat_tower, minmay_door_square, uniq_agnes, uniq_lodul

Skill      XL: |  1  2  3  4  5  6  7  8  9 10 11 12 13 |
---------------+----------------------------------------+-----
Axes           | 4 5 6 7 9 10 12 14 15 16 | 16.7
Throwing       | 1 2 3 4 5 6 7 9 |  9.8
Fighting       | 4 5 6 7 9 10 11 12 | 12.2
Armour         | 3 4 5 6 7 8 10 11 12 | 12.0
Dodging        | 3 4 5 6 7 9 10 11 | 11.0

Action                   |  1- 3 |  4- 6 |  7- 9 | 10-12 | 13-15 || total
-------------------------+-------+-------+-------+-------+-------++-------
Melee: Hand axe          |    53 |   164 |   258 |   185 |       ||   660
       Headbutt          |     3 |    13 |    52 |   102 |    32 ||   202
       Punch             |       |     2 |     3 |     2 |       ||     7
       Battleaxe         |       |       |       |   181 |   106 ||   287
       War axe           |       |       |       |    45 |       ||    45
Throw: Throwing net      |       |     1 |       |       |       ||     1
       Boomerang         |       |       |    28 |    11 |     1 ||    40
       Dart              |       |       |       |    86 |    11 ||    97
       Javelin           |       |       |       |       |     2 ||     2
Invok: Berserk           |       |     2 |     2 |    15 |     3 ||    22
       Brothers in Arms  |       |       |     1 |     4 |       ||     5
       Trog's Hand       |       |       |     1 |     3 |       ||     4
Evoke: Wand              |       |       |       |     3 |     1 ||     4
  Use: Potion            |     5 |       |     6 |     2 |     3 ||    16
       Scroll            |       |       |       |     5 |     4 ||     9
 Stab: Distracted        |       |       |       |     1 |       ||     1
Armor: Animal skin       |     4 |       |       |       |       ||     4
       Ring mail         |    29 |    64 |    21 |       |       ||   114
       Plate armour      |       |       |   134 |   332 |    83 ||   549
       Chain mail        |       |       |     7 |       |       ||     7
Dodge: Dodged            |    47 |   107 |   139 |   345 |   114 ||   752

Table legend: (Time is in decaauts)
 A = Elapsed time spent in this place.
 B = Non-inter-level travel time spent in this place.
 C = Inter-level travel time spent in this place.
 D = Time resting spent in this place.
 E = Time spent auto-exploring this place.
 F = Levels seen in this place.
 G = Mean time per level.
                   A        B        C        D        E       F      G
               +--------+--------+--------+--------+--------+-----+--------+
         Total |  16148 |  15669 |    479 |    330 |  12755 |  15 | 1076.5 |
       Dungeon |  15693 |  15214 |    479 |    330 |  12455 |  14 | 1120.9 |
         Sewer |    454 |    454 |      0 |      0 |    300 |   1 |  454.0 |
               +--------+--------+--------+--------+--------+-----+--------+

Top non-repeatable levels by time:
    D:12: 2271 daAuts
    D:11: 1801 daAuts
    D:10: 1495 daAuts
     D:9: 1487 daAuts
     D:4: 1335 daAuts
     D:2: 1137 daAuts
     D:8: 1130 daAuts
     D:5: 1028 daAuts
     D:3: 891 daAuts
     D:6: 862 daAuts
     D:1: 809 daAuts
    D:13: 797 daAuts
     D:7: 513 daAuts
   Sewer: 454 daAuts
    D:14: 129 daAuts
